 Dungeon Crawl Stone Soup version 0.31.0-12-g77e489cdc1 (webtiles) character file.

Game seed: 13999712725879466324

30911 Gadfly the Blocker (level 13, -10/80 HPs)
             Began as a Gargoyle Fighter on Mar 1, 2024.
             Was a Priest of the Shining One.
             Mangled by a manticore (14 damage)
             ... summoned by Kirke
             ... on level 3 of the Lair of Beasts.
             The game lasted 00:26:52 (17118 turns).

Gadfly the Blocker (Gargoyle Fighter)              Turns: 17118, Time: 00:26:53

Health: -10/80     AC:  0    Str: 22    XL:     13   Next: 54%
Magic:  21/21      EV: 13    Int: 10    God:    the Shining One [***...]
Gold:   702        SH:  0    Dex: 11    Spells: 12/12 levels left

rFire   . . .        a - melded +1 flail (protect)
rCold   . . .        l - melded +1 kite shield
rNeg    + + .        B - melded +0 plate armour
rPois   ∞            y - melded +1 hat
rElec   .            (cloak currently unavailable)
rCorr   .            j - melded +2 pair of gloves
SInv    .            O - melded +0 pair of boots
Will    .....        p - amulet of faith
Stlth   +            L - melded +4 ring of protection
HPRegen 0.33/turn    o - melded +5 ring of evasion
MPRegen 0.17/turn

%: faith
@: pig-form, slowed, glowing, studying Shields
A: fast, no casting, sickness immunity, AC +9, small, negative energy resistance
1, (electricity resistance), torment resistance 1, petrification resistance
a: Renounce Religion, Divine Shield, Cleansing Flame


You were on level 3 of the Lair of Beasts.
You worshipped the Shining One.
The Shining One was most pleased with you.
You were a filthy swine.
You visited 3 branches of the dungeon, and saw 16 of its levels.

You collected 702 gold pieces.

Inventory:

Hand Weapons
 a - a +1 flail of protection (melded)
 b - a +1 whip of flaming
 h - a +0 morningstar
 E - a +0 demon whip of venom
Armour
 j - a +2 pair of gloves (melded)
 l - a +1 kite shield (melded)
 y - a +1 hat (melded)
 B - a +0 plate armour (melded)
 O - a +0 pair of boots (melded)
Jewellery
 i - a ring of positive energy
 o - a +5 ring of evasion (melded)
 p - an amulet of faith (around neck)
 r - a ring of protection from fire
 F - an amulet of reflection
 L - a +4 ring of protection (melded)
Wands
 k - a wand of flame (25) (quivered)
 z - a wand of roots (13)
 J - a wand of digging (7)
 K - a wand of paralysis (4)
 M - a wand of quicksilver (6)
Scrolls
 c - 2 scrolls of silence
 e - 7 scrolls of teleportation
 g - 2 scrolls of enchant armour
 m - 4 scrolls of poison
 w - 2 scrolls of enchant weapon
 D - a scroll of immolation
 G - a scroll of vulnerability
 H - 3 scrolls of revelation
 I - 2 scrolls of identify
 N - 3 scrolls of noise
 P - a scroll of blinking
Potions
 d - 4 potions of might
 f - 2 potions of resistance
 n - 2 potions of mutation
 q - 3 potions of ambrosia
 s - a potion of cancellation
 u - 2 potions of enlightenment
 v - 4 potions of curing
 x - 2 potions of heal wounds
 A - 3 potions of lignification
 C - a potion of attraction


   Skills:
 + Level 9.3 Fighting
 * Level 11.0 Maces & Flails
 + Level 9.1 Armour
 + Level 12.2 Shields
 + Level 11.8 Invocations
 * Level 9.9 Evocations


You had 12 spell levels left.
You didn't know any spells.
Your spell library contained the following spells:

 Spells                   Type           Power      Damage    Failure   Level
 Sting                    Conj/Alch      0%         1d3       36%         1
 Mercury Vapours          Alch/Air       0%         N/A       50%         2
 Dazzling Flash           Conj/Hex       0%         N/A       75%         3
 Gell's Gravitas          Tloc           0%         N/A       75%         3
 Hailstorm                Conj/Ice       0%         3d5       75%         3
 Summon Ice Beast         Ice/Summ       0%         N/A       75%         3
 Teleport Other           Tloc           0%         N/A       75%         3
 Volatile Blastmotes      Fire/Tloc      0%         2d10      75%         3
 Fulminant Prism          Conj/Alch      0%         3d5       98%         4
 Iskenderun's Mystic Bla  Conj/Tloc      0%         2d3       98%         4
 Olgreb's Toxic Radiance  Alch           0%         N/A       98%         4
 Petrify                  Alch/Erth      0%         N/A       98%         4
 Vhi's Electric Charge    Tloc/Air       0%         N/A       98%         4
 Arcjolt                  Conj/Air       0%         1d10      100%        5
 Irradiate                Conj/Alch      0%         3d11      100%        5
 Dispersal                Tloc           0%         N/A       100%        6
 Sculpt Simulacrum        Ice/Alch       0%         N/A       100%        6
 Starburst                Conj/Fire      0%         6d3       100%        6
 Maxwell's Capacitive Co  Air            0%         ∞         100%        8
 Sublimation of Blood     Necr           Unusable   N/A       N/A         2

Dungeon Overview and Level Annotations

Branches:
Dungeon (11/15)            Temple (1/1) D:7            Lair (4/5) D:8
  Swamp (0/4) Lair:2        Snake (0/4) Lair:3          Orc (0/2) D:10
  Slime: Lair:4-5

Altars:
Ashenzari
Cheibriados
Dithmenos
Elyvilon
Fedhas
Gozag
Hepliaklqana
Kikubaaqudgha
Makhleb
Nemelex Xobeh
Okawaru
Qazlal
Ru
Sif Muna
Trog
Uskayaw
Vehumet
Wu Jian
Xom
Yredelemnul
Zin
The Shining One

Annotations:
Lair:3 Kirke


Innate Abilities, Weirdness & Mutations

You are a filthy swine.
You move quickly.
Your equipment is almost entirely melded.
You are incapable of wielding weapons or throwing items.
You cannot cast spells.
You are immune to sickness and miasma.
((Your stone body is resilient. (AC +9)))
You are immune to poison.
You resist negative energy. (rN+)
((You are resistant to electric shocks. (rElec)))
You are resistant to unholy torment.
You are immune to petrification.


Message History

Kirke hits you!
You bite Kirke!
Kirke is heavily wounded.
Kirke hits you!!
You hit Kirke.
Kirke is heavily wounded.
You hit Kirke.
Kirke is heavily wounded.
Kirke hits you!
You hit Kirke.
Kirke is heavily wounded.
Kirke casts a spell at you.
You feel yourself slow down.
You barely miss Kirke.
Kirke is heavily wounded.
Kirke hits you.
You hit Kirke but do no damage.
Kirke is heavily wounded.
Kirke barely misses you.
You hit Kirke.
Kirke is heavily wounded.
Kirke barely misses you.
You hit Kirke.
Kirke is severely wounded.
Kirke hits you!
You hit Kirke.
Kirke is severely wounded.
Kirke hits you. Kirke barely misses you.
You bite Kirke!
Kirke is severely wounded.
Kirke mumbles some strange words.
Kirke summons a manticore!
You bite Kirke!
Kirke is severely wounded.
Kirke hits you.
* * * LOW HITPOINT WARNING * * *
The manticore bites you!!
* * * LOW HITPOINT WARNING * * *
The manticore claws you!
You die...

.....#......#......##......####..
...........##.......##...#..##P..
........#.##..####..........##P..
..........##.##....#.##..#.###...
...............[.......###.# #...
#.##.....#...#........########...
.....##.....##.8.8.....#..8.##P..
...#.#...#.....@.....(.......#...
...#.....+..#...h...#.....<.8#...
...#.P.........H....#..#......##.
......###...##.8.8.#...##.8..#.##
..........#..#.........#.#######
...#......#...........#....#P#.##
...#..............#..##..........
..............#####..#........#..
...##..#....#........##.......###
...#######.###.....####........#


You could see Kirke and a manticore (summoned).

Vanquished Creatures
  Gastronok (D:8)
  Snorg (D:11)
  2 hydras
  3 boulder beetles
  2 two-headed ogres
  Amaemon (D:11)
  An oklob plant (Lair:2)
  3 black mambas
  Joseph (D:7)
  10 cane toads
  5 komodo dragons
  An unseen horror (D:11)
  An orange demon (D:11)
  A rime drake (D:8)
  5 trolls
  Prince Ribbit (D:7)
  A polar bear (Lair:3)
  A hornet (D:11)
  12 blink frogs
  A wraith (D:10)
  3 wyverns
  A vampire (D:9)
  3 basilisks
  28 yaks
  2 vampire mosquitoes (D:9)
  4 steam dragons
  3 swamp worms (Lair:2)
  2 acid dragons
  8 water moccasins
  Duvessa (D:6)
  2 ice beasts
  An orc warrior (D:10)
  4 black bears
  3 sky beasts
  35 wolves
  3 ogres
  2 phantoms (D:5)
  A centaur (D:9)
  2 kobold brigands
  9 bullfrogs
  A gnoll sergeant (D:5)
  3 scorpions
  Dowan (D:6)
  4 killer bees (D:4)
  9 electric eels
  3 howler monkeys
  3 bombardier beetles
  3 orc priests
  2 hounds
  A gnoll bouda (D:7)
  2 jellies
  An iguana (Lair:2)
  3 orc wizards
  10 gnolls
  7 adders
  A shadow imp (D:7)
  4 white imps
  4 ufetubi
  2 ribbon worms
  10 dart slugs
  15 orcs
  2 bats (D:1)
  3 endoplasms
  2 giant cockroaches
  5 goblins
  3 hobgoblins
  9 jackals
  A quokka (D:2)
  5 ball pythons
  3 frilled lizards
  13 kobolds
  7 rats
313 creatures vanquished.

Vanquished Creatures (others)
  A dart slug (D:7)
1 creature vanquished.

Grand Total: 314 creatures vanquished

Notes
Turn   | Place    | Note
-------+----------+-------------------------------------------
     0 | D:1      | Gadfly the Gargoyle Fighter began the quest for the Orb.
     0 | D:1      | Reached XP level 1. HP: 14/14 MP: 1/1
   940 | D:1      | Reached XP level 2. HP: 19/19 MP: 2/2
   940 | D:1      | Identified a scroll of acquirement
   940 | D:1      | Acquired a manual of Shields
  1348 | D:2      | Reached skill level 1 in Invocations
  1348 | D:2      | Reached skill level 1 in Evocations
  1348 | D:2      | Reached XP level 3. HP: 23/23 MP: 3/3
  2137 | D:3      | Reached XP level 4. HP: 26/28 MP: 5/5
  2323 | D:3      | Reached skill level 4 in Shields
  2462 | D:3      | Found a shadowy altar of Dithmenos.
  2686 | D:3      | Found a faded altar of an unknown god.
  2686 | D:3      | Noticed a green death
  2792 | D:4      | Reached XP level 5. HP: 26/33 MP: 6/6
  3134 | D:4      | Noticed a black bear
  3152 | D:4      | Killed a black bear
  3153 | D:4      | Reached XP level 6. HP: 38/38 MP: 6/8
  3307 | D:4      | Reached XP level 7. HP: 20/43 MP: 9/9
  3344 | D:4      | Reached skill level 5 in Shields
  3948 | D:5      | Entered Level 5 of the Dungeon
  4039 | D:5      | Reached XP level 8. HP: 15/48 MP: 11/11
  4386 | D:5      | Reached skill level 6 in Shields
  4415 | D:5      | HP: 1/48 [gnoll sergeant/+1 trident of protection (2)]
  4614 | D:5      | Reached skill level 5 in Fighting
  4614 | D:5      | Reached skill level 5 in Maces & Flails
  4654 | D:5      | Noticed a yak
  4656 | D:5      | Noticed a yak
  4657 | D:5      | Noticed a yak
  4657 | D:5      | Noticed a yak
  4678 | D:5      | Killed a yak
  4679 | D:5      | Reached skill level 5 in Armour
  4679 | D:5      | Reached skill level 5 in Invocations
  4682 | D:5      | Killed a yak
  4694 | D:5      | Killed a yak
  4695 | D:5      | Reached XP level 9. HP: 15/54 MP: 13/13
  5560 | D:6      | Noticed a two-headed ogre
  5572 | D:6      | Killed a two-headed ogre
  5573 | D:6      | Reached skill level 7 in Shields
  5573 | D:6      | Reached skill level 5 in Evocations
  6096 | D:7      | Noticed Duvessa
  6096 | D:7      | Noticed Dowan
  6109 | D:6      | Killed Duvessa
  6131 | D:6      | Killed Dowan
  6311 | D:7      | Reached XP level 10. HP: 56/60 MP: 15/15
  6501 | D:7      | Noticed Joseph
  6525 | D:7      | Reached skill level 8 in Shields
  6548 | D:7      | Killed Joseph
  6928 | D:7      | Found a staircase to the Ecumenical Temple.
  6939 | D:7      | Noticed Prince Ribbit
  6949 | Temple   | Entered the Ecumenical Temple
  6953 | Temple   | Became a worshipper of the Shining One
  6967 | D:7      | Killed Prince Ribbit
  7542 | D:8      | Found a staircase to the Lair.
  7786 | D:8      | Noticed Gastronok
  7815 | D:8      | Killed Gastronok
  8189 | D:9      | Reached skill level 9 in Shields
  8264 | D:9      | Reached XP level 11. HP: 66/67 MP: 17/17
  8539 | D:9      | Identified the +6 trident "Jouty Vugun" {flame, Str+5}
  8815 | D:9      | Found an ornate altar of the Wu Jian Council.
  8815 | D:9      | Found a stormy altar of Qazlal.
  8824 | D:9      | Found a sparkling altar of Nemelex Xobeh.
  8826 | D:9      | Found a broken altar of Ashenzari.
  8828 | D:9      | Found a blossoming altar of Fedhas.
  9167 | D:10     | Entered Level 10 of the Dungeon
  9311 | D:10     | Found a staircase to the Orcish Mines.
 10353 | D:10     | Reached * piety under the Shining One
 10732 | D:11     | Noticed Amaemon
 10760 | D:11     | Killed Amaemon
 10795 | D:11     | Noticed a boulder beetle
 11113 | D:11     | Noticed a two-headed ogre
 11123 | D:11     | Killed a two-headed ogre
 11124 | D:11     | Reached skill level 10 in Shields
 11164 | D:11     | Killed a boulder beetle
 11574 | D:11     | Noticed a boulder beetle
 11656 | D:11     | Killed a boulder beetle
 11657 | D:11     | Reached XP level 12. HP: 36/73 MP: 19/19
 11900 | D:11     | Noticed Snorg
 11919 | D:11     | Killed Snorg
 11920 | D:11     | Reached skill level 10 in Invocations
 12302 | Lair:1   | Entered Level 1 of the Lair of Beasts
 13306 | D:8      | Reached skill level 11 in Shields
 13775 | Lair:1   | Found a bloodstained altar of Trog.
 13957 | Lair:2   | Reached skill level 10 in Maces & Flails
 14219 | Lair:2   | Reached ** piety under the Shining One
 14640 | Lair:2   | Found a staircase to the Swamp.
 14642 | Lair:2   | Noticed a four-headed hydra
 14649 | Lair:2   | Killed a four-headed hydra
 14650 | Lair:2   | Reached XP level 13. HP: 60/80 MP: 21/21
 15905 | Lair:3   | Reached *** piety under the Shining One
 15982 | Lair:2   | Reached skill level 12 in Shields
 16903 | Lair:3   | Found a staircase to the Snake Pit.
 17099 | Lair:4   | Noticed Kirke
 17118 | Lair:3   | HP: 4/80 [manticore[Kirke] (20)]
 17118 | Lair:3   | Mangled by a manticore

Illustrated notes

Levels and vault maps discovered:
D:1:      matt_arrival_spirals, layout_basic
D:2:      layout_loops_ring, minmay_pentomino_r2
D:3:      layout_loops_ring, nicolae_dithmenos_through_a_glass_darkly,
          dreamdust_ecumenical_altar_sealed_demon
D:4:      layout_basic
D:5:      layout_basic, kennysheep_generic_room_14
D:6:      layout_gridville, serial_library_hellmonk_room_a
D:7:      kennysheep_slugbush, layout_loops_cross, minmay_temple_entry_slanted,
          nicolae_the_louvre, uniq_joseph, uniq_duvessa, uniq_prince_ribbit1
D:8:      layout_loops_ring, dpeg_oklobed_lair, uniq_gastronok
D:9:      layout_roguey, chequers_temple_overflow_minitemple
D:10:     layout_stronghold, orc_0_dummy, serial_bayou, serial_bayou_lake_a,
          serial_bayou_lagoon_a, serial_bayou_shore_b, serial_bayou_pond_e
D:11:     layout_basic, nicolae_letterblocks [nicolae_letter_subblock,
          nicolae_letter_subblock, nicolae_letter_subblock,
          nicolae_letter_subblock, nicolae_letter_subblock,
          nicolae_letter_subblock, nicolae_letter_subblock,
          nicolae_letter_subblock, nicolae_letter_subblock,
          nicolae_letter_subblock, nicolae_letter_subblock,
          nicolae_letter_subblock, nicolae_letter_subblock,
          nicolae_letter_subblock, nicolae_letter_subblock,
          nicolae_letter_subblock, nicolae_letter_subblock,
          nicolae_letter_subblock, nicolae_letter_subblock,
          nicolae_letter_subblock, nicolae_letter_subblock,
          nicolae_letter_subblock, nicolae_letter_subblock,
          nicolae_letter_subblock, nicolae_letter_subblock], uniq_snorg,
          uniq_amaemon
Temple:   kb_temple_of_zot
Lair:1:   layout_regular_city, basic_altar, infiniplex_staircase_pool_2
Lair:2:   layout_cave_pods, palyth_hydra_swamp_entry
Lair:3:   layout_chaotic_city, dummy_snake_entry, grunt_megastairs_2,
          lemuel_fruit_tree
Lair:4:   layout_misc_corridors, ebering_ghost_inner_flame, worms_lemuel,
          uniq_kirke

Skill      XL: |  1  2  3  4  5  6  7  8  9 10 11 12 13 |
---------------+----------------------------------------+-----
Invocations    | 1 2 3 4 5 6 8 9 11 | 11.8
Evocations     | 1 2 3 4 5 6 8 9 |  9.9
Shields        | 4 5 6 7 9 10 11 12 | 12.2
Maces & Flails | 3 4 5 6 7 9 10 11 | 11.0
Fighting       | 4 5 6 7 8 9 |  9.3
Armour         | 4 5 6 7 8 9 |  9.1

Action                     |  1- 3 |  4- 6 |  7- 9 | 10-12 | 13-15 || total
---------------------------+-------+-------+-------+-------+-------++-------
  Melee: Flail             |   106 |   146 |   362 |  1130 |   411 ||  2155
         Unarmed           |       |       |       |       |    12 ||    12
  Evoke: Wand              |       |       |     2 |    23 |     5 ||    30
    Use: Scroll            |    11 |     1 |     5 |     8 |     1 ||    26
         Potion            |     1 |     1 |     1 |     2 |       ||     5
 Armour: Scale mail        |    77 |   118 |   234 |       |       ||   429
         Chain mail        |       |       |    28 |   217 |       ||   245
         Plate armour      |       |       |       |   674 |   437 ||  1111
         Skin              |       |       |       |       |     9 ||     9
  Dodge: Dodged            |    66 |   121 |   305 |   535 |   329 ||  1356
  Block: Buckler           |    26 |    36 |    81 |       |       ||   143
         Kite shield       |       |       |   119 |   817 |   509 ||  1445
